 Dungeon Crawl Stone Soup version 0.27-a0-998-g4cfe56dd59 (webtiles) character file.

Game seed: 7235720379672364827

2730 vurker the Thaumaturge (level 9, -3/68 HPs)
             Began as a Djinni Fire Elementalist on Apr 16, 2021.
             Slain by a scorpion (4 damage)
             ... on level 7 of the Dungeon.
             The game lasted 00:10:02 (9261 turns).

vurker the Thaumaturge (Djinni Fire Elementalist)   Turns: 9261, Time: 00:10:02

Health: -3/68      AC:  4    Str:  7    XL:     9   Next: 67%
Gold:   236        EV: 12    Int: 21    God:
                   SH:  0    Dex: 19

rFire    + + .     SeeInvis .   B - +1 dagger (speed)
rCold    x . .     Faith    .   (no shield)
rNeg     . . .     Spirit   .   a - +0 robe
rPois    ∞         Reflect  .   k - +0 helmet
rElec    .         Harm     .   (no cloak)
rCorr    .         Rampage  .   r - +0 pair of gloves
Will     .....                  (boots unavailable)
Stlth    ++........             c - amulet of regeneration
HPRegen  1.21/turn              i - +6 ring of dexterity
MPRegen  0.00/turn              (no ring)

@: brilliant, attractive, flying
A: fire resistance 2, cold vulnerability 1, float, innate caster, hp casting,
extra vitality 1
a: no special abilities


You were on level 7 of the Dungeon.
You visited 1 branch of the dungeon, and saw 7 of its levels.

You collected 374 gold pieces.
You spent 138 gold pieces at shops.

Inventory:

Hand Weapons
 A - a +2 dagger of pain
   (You took it off an orc on level 5 of the Dungeon)
 B - a +1 dagger of speed (weapon)
   (You took it off an orc wizard on level 6 of the Dungeon)
Missiles
 E - 3 throwing nets
 F - a curare-tipped dart
Armour
 a - a +0 robe (worn)
 k - a +0 helmet (worn)
   (You took it off Robin on level 2 of the Dungeon)
 r - a +0 pair of gloves (worn)
   (You found it on level 2 of the Dungeon)
Jewellery
 c - an amulet of regeneration (around neck)
   (You found it on level 5 of the Dungeon)
 i - a +6 ring of dexterity (left hand)
   (You found it on level 2 of the Dungeon)
Wands
 t - a wand of flame (12)
   (You found it on level 3 of the Dungeon)
 v - a wand of digging (5)
   (You found it on level 7 of the Dungeon)
Scrolls
 e - a scroll of noise {unknown}
 f - 6 scrolls of teleportation {unknown}
 g - 2 scrolls of amnesia {unknown}
 h - 3 scrolls of fog {unknown}
 j - 4 scrolls of identify {unknown}
 l - a scroll of summoning {unknown}
 n - a scroll of enchant weapon {unknown}
 p - 4 scrolls of immolation {unknown}
 u - a scroll of holy word {unknown}
 y - a scroll of torment {unknown}
 z - 3 scrolls of enchant armour {unknown}
 D - a scroll of blinking {unknown}
Potions
 b - a potion of berserk rage {unknown}
 d - 3 potions of attraction
 m - 2 potions of degeneration {unknown}
 o - a potion of might {unknown}
 q - a potion of brilliance
 s - a potion of haste {unknown}
 w - 2 potions of mutation {unknown}
 x - a potion of curing {unknown}
 C - 2 potions of heal wounds {unknown}


   Skills:
 + Level 7.3 Fighting
 - Level 2.1 Dodging
 - Level 1.5 Stealth
 * Level 9.3 Spellcasting


You couldn't memorise any spells.
You knew the following spells:

 Your Spells              Type           Power      Damage    Failure   Level
a - Foxfire               Conj/Fire      100%       2x1d9     1%          1
b - Conjure Flame         Conj/Fire      65%        6-21      1%          3
c - Inner Flame           Hex/Fire       65%        N/A       1%          3
d - Sticky Flame          Conj/Fire      65%        2d8       1%          4
e - Call Imp              Summ           65%        N/A       1%          2
f - Summon Small Mammal   Summ           100%       N/A       1%          1
g - Teleport Other        Tloc           65%        N/A       1%          3
h - Animate Dead          Necr           32%        N/A       1%          4
z - Fireball              Conj/Fire      32%        3d14      4%          5
Your spell library was empty.

Dungeon Overview and Level Annotations

Branches:
Dungeon (7/15)             Temple (0/1) D:4

Altars:
Fedhas
Wu Jian

Shops:
D:3 *

Annotations:
D:4 3 runed translucent doors, Verendum's ghost, amateur OpMo
D:7 2 runed translucent doors


Innate Abilities, Weirdness & Mutations

You are immune to poison.
Your flesh is very heat resistant. (rF++)
You are vulnerable to cold. (rC-)
You float through the air rather than walking.
You learn spells naturally, not from books.
Your magical power is your life essence.
You have superior vitality. (+4 HP)


Message History

You kill the scorpion!
The scorpion closely misses you.
You conjure some foxfire!
The foxfire hits the water moccasin!
The scorpion stings you.
* * * LOW HITPOINT WARNING * * *
The water moccasin closely misses you.
Aim: a water moccasin (100% to hit)
The sticky flame hits the water moccasin.
The water moccasin is covered in liquid flames!
* * * LOW HITPOINT WARNING * * *
The water moccasin burns!
The foxfire hits the water moccasin. x2
The water moccasin completely misses you.
The scorpion stings you but does no damage.
The water moccasin bites you.
* * * LOW HITPOINT WARNING * * *
The water moccasin barely misses you.
The water moccasin burns!
The water moccasin bites you.
* * * LOW HITPOINT WARNING * * *
The water moccasin burns!
The water moccasin burns!
The water moccasin bites you but does no damage.
The scorpion stings you but does no damage.
The water moccasin burns!
The water moccasin bites you.
* * * LOW HITPOINT WARNING * * *
The water moccasin burns!
The water moccasin burns!
The water moccasin stops burning.
The water moccasin bites you!
* * * LOW HITPOINT WARNING * * *
Aim: a water moccasin (almost dead, 100% to hit)
The sticky flame hits the water moccasin!
You kill the water moccasin!
* * * LOW HITPOINT WARNING * * *
The water moccasin bites you.
* * * LOW HITPOINT WARNING * * *
It was a potion of attraction.
You feel attractive to monsters. The scorpion stings you.
* * * LOW HITPOINT WARNING * * *
The water moccasin misses you. The scorpion stings you.
* * * LOW HITPOINT WARNING * * *
The scorpion misses you. The water moccasin closely misses you.
The scorpion stings you.
* * * LOW HITPOINT WARNING * * *
The scorpion is pulled toward you!
It was a potion of brilliance.
You feel clever all of a sudden. The water moccasin bites you.
* * * LOW HITPOINT WARNING * * *
The scorpion stings you.
You die...

............≈♣≈≈≈≈≈≈≈≈≈≈≈≈.(....#
[............♣♣≈≈≈P≈≈≈≈♣≈♣.......
.............≈♣≈≈P≈≈≈≈≈PP♣#######
######.......♣♣≈≈≈P≈♣P≈)♣≈.......
######....###P≈≈≈≈≈≈P≈≈))........
..........# ##≈♣≈≈♣≈≈≈≈♣)........
..........####P≈♣≈P≈≈♣P≈♣........
...........#...♣≈≈≈≈≈≈≈..........
.......#...#...s@♣♣♣≈≈...........
.......#...#...sS.♣♣♣............
.......#...#.....................
..[....#...#...>.................
.......#...#.....................
.......#...#.....######..........
.......#...#....##....##...>.....
.......#...##...#.....+##..#.###.
####'###...##†.##....s#y##...###.


You could see a water moccasin and 2 scorpions.

Vanquished Creatures
  A wyvern (D:7)
  4 water moccasins (D:7)
  2 sky beasts
  An ice beast (D:6)
  3 ogres
  A centaur (D:7)
  A kobold brigand (D:7)
  A phantom (D:6)
  A bullfrog (D:5)
  A gnoll sergeant (D:7)
  A wyvern skeleton (D:5)
  3 scorpions
  6 electric eels
  A wight (D:7)
  3 howler monkeys (D:7)
  A jelly (D:5)
  A bullfrog zombie (D:6)
  3 hounds
  A centaur skeleton (D:6)
  2 orc priests
  An iguana (D:7)
  3 orc wizards
  A killer bee zombie (D:7)
  Robin (D:2)
  8 adders
  4 gnolls
  3 shadow imps
  An ufetubus (D:6)
  2 adder skeletons
  2 worms (D:3)
  3 dart slugs
  30 orcs
  7 ball pythons
  8 bats
  4 endoplasms
  6 giant cockroaches
  20 goblins
  13 hobgoblins
  3 jackals (D:2)
  4 quokkas
  5 frilled lizards
  16 kobolds
  9 rats
192 creatures vanquished.

Vanquished Creatures (collateral kills)
  56 foxfires
56 creatures vanquished.

Vanquished Creatures (others)
  804 foxfires
  2 fungi (D:4)
  36 plants
842 creatures vanquished.

Grand Total: 1090 creatures vanquished

Notes
Turn   | Place    | Note
-------+----------+-------------------------------------------
     0 | D:1      | vurker the Djinni Fire Elementalist began the quest for the
                  | Orb.
     0 | D:1      | Reached XP level 1. HP: 15/15 MP: 0/0
   219 | D:1      | Reached skill level 3 in Spellcasting
   219 | D:1      | Reached XP level 2. HP: 18/22 MP: 0/0
   225 | D:1      | Reached skill level 1 in Fighting
   575 | D:1      | Reached XP level 3. HP: 24/27 MP: 0/0
   575 | D:1      | Learned a level 1 spell: Summon Small Mammal
  1784 | D:2      | Noticed Robin
  1798 | D:2      | Killed Robin
  1799 | D:2      | Reached XP level 4. HP: 18/33 MP: 0/0
  2353 | D:2      | Reached skill level 4 in Spellcasting
  3005 | D:3      | Found a transporter.
  3133 | D:3      | Found an ornate altar of the Wu Jian Council.
  3436 | D:3      | Reached XP level 5. HP: 33/38 MP: 0/0
  3436 | D:3      | Learned a level 2 spell: Call Imp
  3490 | D:3      | Found a faded altar of an unknown god.
  4007 | D:3      | Found a transporter.
  4487 | D:3      | Found Vihoxuer's Assorted Antiques.
  4521 | D:3      | Bought 2 scrolls labelled XADACUN WEURPH for 46 gold pieces
  4521 | D:3      | Bought 2 scrolls labelled GUOMPEI FAEF for 46 gold pieces
  4521 | D:3      | Bought a scroll labelled UFRUDO YNKE for 23 gold pieces
  4521 | D:3      | Bought a scroll labelled UFRUDO YNKE for 23 gold pieces
  4881 | D:3      | Reached XP level 6. HP: 46/46 MP: 0/0
  5010 | D:4      | Reached skill level 5 in Spellcasting
  5203 | D:4      | Found a staircase to the Ecumenical Temple.
  6184 | D:4      | Found a runed translucent gate.
  6184 | D:4      | Found a runed translucent gate.
  6185 | D:4      | Found a runed translucent gate.
  6186 | D:4      | Noticed Verendum's ghost (amateur OpMo)
  6438 | D:5      | Entered Level 5 of the Dungeon
  6573 | D:5      | Reached XP level 7. HP: 23/51 MP: 0/0
  6573 | D:5      | Learned a level 3 spell: Teleport Other
  6868 | D:5      | Reached skill level 6 in Spellcasting
  7360 | D:6      | Reached XP level 8. HP: 58/58 MP: 0/0
  7475 | D:6      | Reached skill level 5 in Fighting
  7538 | D:6      | Reached skill level 7 in Spellcasting
  8149 | D:7      | Noticed a wyvern
  8153 | D:7      | Killed a wyvern
  8222 | D:7      | Reached skill level 8 in Spellcasting
  8286 | D:7      | Reached XP level 9. HP: 66/66 MP: 0/0
  8286 | D:7      | Learned a level 4 spell: Animate Dead
  8475 | D:7      | Found a runed translucent gate.
  8477 | D:7      | Found the +9 staff of Olgreb {rPois∞}
  8481 | D:7      | Found a runed translucent door.
  8652 | D:7      | Reached skill level 9 in Spellcasting
  8867 | D:7      | Found a runed translucent gate.
  8867 | D:7      | Found a runed translucent gate.
  8968 | D:7      | Found a blossoming altar of Fedhas.
  9189 | D:7      | Found a runed translucent door.
  9261 | D:7      | HP: 1/68 [water moccasin (6)]
  9261 | D:7      | Slain by a scorpion

Illustrated notes

Levels and vault maps discovered:
D:1:      giann_bridges, layout_loops_ring, serial_forest,
          infiniplex_forest_lined_room_, infiniplex_forest_end_3,
          infiniplex_forest_clump_tiny, infiniplex_forest_end_1,
          infiniplex_forest_clump_long, minmay_bisected
D:2:      cheibrodos_old_hovel, layout_rooms, serial_bayou_lagoon_a,
          cheibrodos_gnoll_hut, uniq_robin
D:3:      gammafunk_steamed_eel, layout_loops_cross,
          nicolae_wu_jian_wuxing_cycle, chequers_ecumenical_altar_simple,
          serial_shops, shop, minmay_starry_boxes
D:4:      layout_layer_cave, minmay_temple_entry_tees,
          gammafunk_ghost_nasty_kobolds, kennysheep_doodads
D:5:      layout_basic
D:6:      layout_basic, minivault_27
D:7:      layout_basic, kennysheep_little_box, serial_bayou,
          serial_bayou_pond_a, serial_bayou_lake_a, serial_bayou_pond_d,
          serial_bayou_pond_b, minmay_guarded_unrand_staff_of_olgreb

Skill      XL: |  1  2  3  4  5  6  7  8  9 |
---------------+----------------------------+-----
Spellcasting   | 3 4 5 6 8 9 |  9.3
Fighting       | 1 2 3 4 6 7 |  7.3
Dodging        | |  2.1
Stealth        | |  1.5

Action                   |  1- 3 |  4- 6 |  7- 9 || total
-------------------------+-------+-------+-------++-------
Melee: Dagger            |     6 |     2 |    11 ||    19
 Cast: Foxfire           |    90 |   215 |   218 ||   523
       Sticky Flame      |       |     1 |     4 ||     5
Evoke: Wand              |       |     3 |     1 ||     4
  Use: Potion            |       |       |     2 ||     2
 Stab: Sleeping          |       |     1 |       ||     1
Armor: Robe              |     3 |     9 |    11 ||    23
Dodge: Dodged            |    16 |    28 |    45 ||    89

Table legend: (Time is in decaauts)
 A = Elapsed time spent in this place.
 B = Non-inter-level travel time spent in this place.
 C = Inter-level travel time spent in this place.
 D = Time resting spent in this place.
 E = Time spent auto-exploring this place.
 F = Levels seen in this place.
 G = Mean time per level.
                   A        B        C        D        E       F      G
               +--------+--------+--------+--------+--------+-----+--------+
         Total |   9259 |   9062 |    197 |    623 |   7367 |   7 | 1322.7 |
       Dungeon |   9259 |   9062 |    197 |    623 |   7367 |   7 | 1322.7 |
               +--------+--------+--------+--------+--------+-----+--------+

Top non-repeatable levels by time:
     D:3: 1898 daAuts
     D:1: 1825 daAuts
     D:4: 1533 daAuts
     D:2: 1180 daAuts
     D:7: 1165 daAuts
     D:5: 871 daAuts
     D:6: 784 daAuts
